 Dungeon Crawl Stone Soup version 0.29.1-13-g9f3cf754e1 (webtiles) character file.

Game seed: 5725962696918434126

5488 DemonSlayer the Thaumaturge (level 10, 0/70 HPs)
             Began as a Demonspawn Earth Elementalist on Jan 22, 2023.
             Was a Believer of Cheibriados.
             Slain by a troll (8 damage)
             ... on level 9 of the Dungeon.
             The game lasted 00:26:21 (14310 turns).

DemonSlayer the Thaumaturge (DsEE)                 Turns: 14310, Time: 00:26:22

Health: 0/70       AC:  6    Str: 17    XL:     10   Next: 42%
Magic:  8/22       EV: 13    Int: 21    God:    Cheibriados [**....]
Gold:   446        SH:  5    Dex: 17    Spells: 12/25 levels left

rFire   . . .      SeeInvis .   f - +1 dagger (venom)
rCold   . . .      Faith    .   h - +1 buckler {rN+}
rNeg    + . .      Spirit   .   c - +0 steam dragon scales
rPois   .          Reflect  .   (no helmet)
rElec   .          Harm     .   (cloak unavailable)
rCorr   +          Rampage  .   (no gloves)
Will    +....                   y - +0 pair of boots
Stlth   +++.......              (no amulet)
HPRegen 0.21/turn               i - ring of resist corrosion
MPRegen 0.18/turn               a - ring of willpower

@: lethally poisoned (0 -> -6), about to teleport, very slow
A: foul stench 2, spiny 1, weakness stinger 3, demonic touch 1
a: Renounce Religion, Bend Time


You were on level 9 of the Dungeon.
You worshipped Cheibriados.
Cheibriados was pleased with you.
You visited 2 branches of the dungeon, and saw 10 of its levels.
You also visited: Sewer.

You collected 544 gold pieces.
You spent 98 gold pieces at shops.

Inventory:

Hand Weapons
 f - a +1 dagger of venom (weapon)
 t - a +0 broad axe
Missiles
 s - a throwing net
Armour
 c - +0 steam dragon scales (worn)
 h - a +1 buckler of positive energy (worn)
 v - a +2 robe of positive energy
 y - a +0 pair of boots (worn)
Jewellery
 a - a ring of willpower (right hand)
 i - a ring of resist corrosion (left hand)
Wands
 g - a wand of paralysis (5)
Scrolls
 d - a scroll of amnesia
 e - a scroll of enchant armour
 k - a scroll of torment
 m - 2 scrolls of fog
 x - a scroll of enchant weapon {unknown}
Potions
 b - 4 potions of lignification
 j - a potion of resistance {unknown}
 l - 2 potions of attraction
 n - 4 potions of might
 o - 3 potions of mutation
 p - a potion of berserk rage
 r - a potion of curing
 u - a potion of flight
 w - 2 potions of heal wounds


   Skills:
 + Level 3.0 Fighting
 + Level 1.9 Short Blades
 + Level 3.9 Dodging
 + Level 4.9 Stealth
 + Level 1.2 Shields
 + Level 8.3 Spellcasting
 + Level 6.1 Conjurations
 + Level 0.8 Transmutations
 + Level 8.2 Earth Magic


You had 12 spell levels left.
You knew the following spells:

 Your Spells              Type           Power      Damage    Failure   Level
a - Sandblast             Erth           86%        2d18      1%          1
b - Stone Arrow           Conj/Erth      76%        3d11      1%          3
c - Petrify               Tmut/Erth      27%        N/A       16%         4
d - Passwall              Tmut/Erth      22%        N/A       2%          2
e - Tukima's Dance        Hex            8%         N/A       30%         3

Your spell library contained the following spells:

 Spells                   Type           Power      Damage    Failure   Level
 Shock                    Conj/Air       84%        1d8       3%          1
 Beastly Appendage        Tmut           24%        N/A       7%          1
 Necrotise                Necr           32%        1d5       10%         1
 Wereblood                Tmut           12%        N/A       11%         2
 Spider Form              Tmut/Pois      10%        N/A       26%         3
 Portal Projectile        Hex/Tloc       16%        N/A       30%         3
 Swiftness                Air            8%         N/A       30%         3
 Vampiric Draining        Necr           8%         2d6       30%         3
 Airstrike                Air            4%         2d(1-17)  69%         4
 Animate Dead             Necr           8%         N/A       69%         4
 Blade Hands              Tmut           6%         N/A       89%         5
 Agony                    Necr           8%         N/A       95%         5
 Haunt                    Necr/Summ      4%         N/A       100%        7
 Infestation              Necr           4%         N/A       100%        8


Dungeon Overview and Level Annotations

Branches:
Dungeon (9/15)             Temple (1/1) D:6            Lair (0/5) D:8
  Sewer (visited)
    Orc: D:9-12

Altars:
Cheibriados
Dithmenos
Fedhas
Gozag
Kikubaaqudgha
Makhleb
Nemelex Xobeh
Okawaru
Qazlal
Ru
Sif Muna
Trog
Uskayaw
Vehumet
Xom
Yredelemnul

Shops:
D:3 *

Annotations:
D:9 Maurice, Prince Ribbit


Innate Abilities, Weirdness & Mutations

You sometimes emit foul miasma when damaged in melee.
You are partially covered in sharp spines.
You have a sharp stinger which inflicts weakening toxins.
Your touch may inflict minor irresistible damage on your foes.


Message History

Cheibriados thoroughly appreciates the change of pace.
The killer bee buzzes angrily.
You block the killer bee's attack.
Maurice drinks a potion.
Maurice flickers and vanishes!
Deactivating autopickup; reactivate with Ctrl-A.
The stone arrow misses the troll.
The killer bee closely misses you.
The killer bee is struck by your spines.
The killer bee misses you. The troll bites you but does no damage.
The troll claws you but does no damage. You block the troll's attack.
The stone arrow hits the killer bee!
You kill the killer bee!
Cheibriados thoroughly appreciates the change of pace.
Prince Ribbit blinks!
The killer bee stings you but does no damage.
The troll barely misses you. The troll claws you! The troll claws you.
The stone arrow hits the troll!
The troll is moderately wounded.
The killer bee is struck by your spines.
The killer bee barely misses you.
The killer bee is struck by your spines.
The killer bee stings you.
You are poisoned.
The killer bee poisons you! The troll barely misses you.
The troll closely misses you. The troll claws you!
The stone arrow misses the killer bee.
You feel sick. The killer bee barely misses you.
The killer bee is struck by your spines.
The killer bee closely misses you. The troll is struck by your spines.
The troll bites you! The troll claws you! The troll closely misses you.
You are too injured to fight recklessly!
Unknown command.
As you read the scroll of teleportation, it crumbles to dust.
You feel strangely unstable.
You feel sick.
The killer bee is struck by your spines.
The killer bee closely misses you. The killer bee stings you.
* * * LOW HITPOINT WARNING * * *
The troll is struck by your spines. The troll bites you!
* * * LOW HITPOINT WARNING * * *
The troll claws you!
You die...

......#...
.#.......######
#......?........
..........#..#
#.........# #.#.....#
#....#### #...T###
#...y@.############
#...F.............#
#.................#
#..............)))#
..................).)<#
..........#############
..........# ........).#
..........#


You could see Prince Ribbit, a troll and a killer bee.

Vanquished Creatures
  Maggie (D:6)
  2 hornets (D:8)
  Sigmund (D:5)
  5 yaks
  3 wyverns (D:8)
  Eustachio (D:4)
  Menkaure (D:4)
  5 water moccasins
  A black bear (D:4)
  An orc warrior (D:7)
  An ice beast (D:5)
  An ogre (D:4)
  3 centaurs
  A phantom (D:4)
  Blork the orc (D:4)
  2 bullfrogs (D:8)
  4 scorpions
  3 wights (D:8)
  A necrophage (D:6)
  7 killer bees
  A crimson imp (D:6)
  7 hounds
  4 orc priests
  3 jellies
  Ijyb (D:4)
  4 iguanas
  4 orc wizards
  5 gnolls
  17 adders
  2 river rats (Sewer)
  2 shadow imps
  5 ufetubi
  4 worms
  8 dart slugs
  20 orcs
  5 endoplasms
  6 giant cockroaches
  9 goblins
  20 hobgoblins
  3 jackals (D:1)
  11 kobolds
  3 quokkas
  15 ball pythons
  6 bats
  9 frilled lizards
  2 goblin skeletons (D:6)
  2 goblin zombies (D:6)
  2 hobgoblin zombies (D:6)
  A kobold skeleton (D:6)
  An orc skeleton (D:6)
  14 rats
241 creatures vanquished.

Vanquished Creatures (others)
  4 fungi (D:8)
  18 plants (D:8)
22 creatures vanquished.

Grand Total: 263 creatures vanquished

Notes
Turn   | Place    | Note
-------+----------+-------------------------------------------
     0 | D:1      | DemonSlayer the Demonspawn Earth Elementalist began the
                  | quest for the Orb.
     0 | D:1      | Reached XP level 1. HP: 13/13 MP: 3/3
    10 | D:1      | Found a faded altar of an unknown god.
   283 | D:1      | Gained mutation: You may rarely emit foul miasma when
                  | damaged in melee. [demonic ancestry]
   283 | D:1      | Reached XP level 2. HP: 15/19 MP: 0/5
  1053 | D:1      | Gained mutation: You are partially covered in sharp spines.
                  | [demonic ancestry]
  1053 | D:1      | Reached XP level 3. HP: 24/24 MP: 2/6
  1379 | D:1      | Learned a level 3 spell: Stone Arrow
  1799 | D:2      | Discovered your monstrous ancestry.
  1799 | D:2      | Gained mutation: Your touch may inflict minor irresistible
                  | damage on your foes. [demonic ancestry]
  1799 | D:2      | Reached XP level 4. HP: 30/30 MP: 5/8
  2455 | D:2      | Learned a level 4 spell: Petrify
  2701 | D:3      | Reached XP level 5. HP: 35/35 MP: 5/9
  2770 | D:3      | Found Wyismiuj's General Store.
  2773 | D:3      | Bought a scroll of identify for 28 gold pieces
  2773 | D:3      | Bought a potion of curing for 42 gold pieces
  2773 | D:3      | Bought a scroll of identify for 28 gold pieces
  4243 | D:4      | Noticed Eustachio
  4255 | D:4      | Killed Eustachio
  4256 | D:4      | Reached skill level 5 in Earth Magic
  4256 | D:4      | Gained mutation: You have a small tail. [demonic ancestry]
  4256 | D:4      | Reached XP level 6. HP: 42/42 MP: 3/11
  4611 | D:4      | Reached XP level 7. HP: 32/47 MP: 9/13
  4739 | D:4      | Noticed Menkaure
  5529 | D:4      | Noticed Blork the orc
  5541 | D:4      | Noticed Ijyb
  5546 | D:4      | Killed Blork the orc
  5546 | D:4      | Paralysed by Ijyb for 5 turns
  5547 | D:4      | Reached skill level 5 in Spellcasting
  5553 | D:4      | Paralysed by Ijyb for 2 turns
  5555 | D:4      | Killed Ijyb
  5837 | D:4      | Reached skill level 1 in Fighting
  6041 | D:4      | Gained mutation: You have a tail ending in a sharp stinger.
                  | [demonic ancestry]
  6041 | D:4      | Reached XP level 8. HP: 54/54 MP: 3/16
  6332 | D:4      | Killed Menkaure
  6333 | D:4      | Reached skill level 1 in Conjurations
  6710 | D:4      | Learned a level 2 spell: Passwall
  6734 | D:5      | Entered Level 5 of the Dungeon
  6751 | D:5      | Noticed Sigmund
  6754 | D:5      | Killed Sigmund
  7905 | D:5      | Found an iron altar of Okawaru.
  7953 | D:5      | Gained mutation: You have a sharp stinger which inflicts
                  | weakening toxins. [demonic ancestry]
  7953 | D:5      | Reached XP level 9. HP: 61/61 MP: 6/19
  8250 | D:5      | Identified a scroll of acquirement
  8250 | D:5      | Acquired a +1 buckler of positive energy
  8438 | D:6      | Found a glowing drain.
  8442 | Sewer    | Entered a sewer
  9141 | Sewer    | Learned a level 3 spell: Tukima's Dance
  9398 | D:6      | Found a staircase to the Ecumenical Temple.
 10302 | D:6      | Found a burning altar of Makhleb.
 10302 | D:6      | Noticed Maggie
 10317 | D:6      | Killed Maggie
 11120 | Temple   | Entered the Ecumenical Temple
 11128 | Temple   | Became a worshipper of Cheibriados the Contemplative
 11228 | D:7      | Found a bloodstained altar of Trog.
 11425 | D:7      | Reached skill level 1 in Short Blades
 12532 | D:8      | Found a staircase to the Lair.
 12563 | D:7      | Reached skill level 5 in Conjurations
 12810 | D:8      | Reached skill level 1 in Shields
 13076 | D:8      | Reached * piety under Cheibriados
 13385 | D:8      | Gained mutation: You sometimes emit foul miasma when
                  | damaged in melee. [demonic ancestry]
 13385 | D:8      | Reached XP level 10. HP: 67/67 MP: 21/21
 14047 | D:8      | Paralysed by a hornet for 1 turns
 14174 | D:9      | Reached ** piety under Cheibriados
 14301 | D:9      | Noticed Prince Ribbit
 14302 | D:9      | Noticed Maurice
 14310 | D:9      | Slain by a troll

Illustrated notes

Levels and vault maps discovered:
D:1:      minmay_arrival_radiant_lines, layout_loops_corners,
          hellmonk_ecumenical_altar_leap_of_faith
D:2:      layout_basic, kennysheep_nondescript
D:3:      minmay_recursive_quarters, layout_loops_ring, serial_shops,
          shop_statue, hangedman_decor_diamond_cutter
D:4:      cheibrodos_barr_body, layout_rooms, minmay_distorted, uniq_eustachio,
          uniq_blork_the_orc, uniq_menkaure, uniq_ijyb
D:5:      layout_basic, nicolae_overflow_hidden_temple, uniq_sigmund
D:6:      mumra_celtic_spiral_tile, layout_rooms, makhleb_heckhound_becter,
          nicolae_tso_besieged_by_evil, minmay_temple_entry_junction_2,
          gup_sewer_entry_bowl, uniq_maggie
D:7:      layout_loops_cross, elyvilon_altar_4, amcnicky_altar_gilded,
          serial_co_window_serial, co_window_cross_1, co_window_corner_a,
          co_window_of_opportunity_a, co_window_paths_b,
          co_window_of_opportunity_a, co_window_unsneaky_path_b,
          co_window_corner_ca, co_window_2corner, co_window_corner_b,
          co_window_corner_b, co_window_corner_b, co_window_unsneaky_path_d,
          glass_columns_a, glass_columns_a, glass_columns_c, glass_columns_c,
          minivault_27
D:8:      layout_basic, minmay_lair_entry_grove
D:9:      layout_rooms, lemuel_doored_altar, serial_shops,
          nicolae_lakefront_shop, uniq_erolcha, uniq_prince_ribbit1,
          uniq_maurice, uniq_gastronok
Temple:   nicolae_temple_two_arcs

Skill      XL: |  1  2  3  4  5  6  7  8  9 10 |
---------------+-------------------------------+-----
Earth Magic    | 3 4 5 6 7 8 |  8.2
Stealth        | 2 3 4 |  4.9
Spellcasting   | 3 4 5 6 7 8 |  8.3
Dodging        | 2 3 |  3.9
Fighting       | 1 2 3 |  3.0
Conjurations   | 3 5 6 |  6.1
Short Blades   | 1 |  1.9
Shields        | 1 |  1.2
Transmutations | |  0.8

Action                   |  1- 3 |  4- 6 |  7- 9 | 10-12 || total
-------------------------+-------+-------+-------+-------++-------
Melee: Unarmed           |     1 |       |       |       ||     1
       Dagger            |    12 |    13 |    53 |    19 ||    97
       Touch             |       |     1 |     2 |       ||     3
       Tailslap          |       |       |     7 |     4 ||    11
Throw: Throwing net      |       |       |     1 |       ||     1
 Cast: Sandblast         |    57 |    88 |    31 |       ||   176
       Stone Arrow       |       |       |   140 |    31 ||   171
  Use: Potion            |     1 |       |     7 |       ||     8
       Scroll            |       |     5 |    15 |     1 ||    21
 Stab: Sleeping          |     1 |     3 |     6 |       ||    10
Armor: Robe              |     7 |     9 |    22 |       ||    38
       Steam dragon scal |       |       |     5 |     6 ||    11
Dodge: Dodged            |    30 |    32 |    69 |    28 ||   159
Block: Buckler           |       |       |    11 |     6 ||    17
